 Dungeon Crawl Stone Soup version bcrawl-1.40.3b (webtiles) character file.

Game seed: 11270179832068510461

109511 petercordia the Sneak (level 2, -9/17 HPs)
             Began as a Vine Stalker Spelunker on Jan 3, 2024.
             Mangled by a goblin
             ... wielding a +1 dagger of electrocution
              (18 damage)
             ... on level 1 of the Dungeon.
             The game lasted 00:03:15 (437 turns).

petercordia the Sneak (Vine Stalker Spelunker)       Turns: 437, Time: 00:03:16

Health: -9/17      AC:  4    Str: 14    XL:     2   Next: 50%
Magic:  6/6        EV: 10    Int: 12    God:
Gold:   32         SH:  0    Dex: 13    Spells: 2/5 levels left

rFire    . . .     GDR:     25% a - +1 dagger
rCold    . . .     SeeInvis .   (no shield)
rNeg     . . .     Gourm    .   h - +0 leather armour
rPois    .         Faith    .   (no helmet)
rElec    .         Spirit   .   (no cloak)
rCorr    .         Reflect  .   (no gloves)
MR       .....                  c - +0 pair of boots
Stlth    ++........             (no amulet)
HPRegen  0.52/turn              (no ring)
MPRegen  0.10/turn              (no ring)

@: no status effects
A: fangs 2, regeneration 1, no potion heal 3, rot immunity, strong jaws
a: no special abilities


You were on level 1 of the Dungeon.
You were not hungry.

You visited 1 branch of the dungeon, and saw 1 of its levels.

You collected 32 gold pieces.

Inventory:

Hand Weapons
 a - a +1 dagger (weapon)
 b - a +0 hunting sling
Missiles
 i - 174 stones (quivered)
 k - 59 curare-tipped needles
Armour
 c - a +0 pair of boots (worn)
 h - a +0 leather armour (worn)
Wands
 d - a wand of digging (10)
Scrolls
 f - a scroll of noise
 j - a scroll of fear {unknown}
 l - a scroll of enchant weapon {unknown}
 o - a scroll of remove curse {unknown}
Potions
 n - a potion of magic {unknown}
Miscellaneous
 g - a lamp of fire
Comestibles
 e - 3 rations {!d}
 m - 2 chunks of flesh


   Skills:
 * Level 2.0 Fighting
 * Level 2.1 Short Blades
 - Level 0.2 Armour
 * Level 0.0 Dodging
 + Level 4.6 Stealth
 - Level 2.3 Spellcasting
 - Level 2.0 Hexes
 - Level 2.0 Transmutations
 - Level 2.0 Earth Magic
 - Level 1.7 Evocations


You had 2 spell levels left.
You knew the following spells:

 Your Spells              Type           Power        Failure   Level  Hunger
a - Corona                Hex            #......      14%         1    None
p - Passwall              Tmut/Erth      #.......     22%         2    ##.....
Your spell library was empty.

Dungeon Overview and Level Annotations

Branches:
Dungeon (1/12)

Altars:


Innate Abilities, Weirdness & Mutations

You have extremely sharp teeth.
Your natural rate of healing is unusually fast.
Potions cannot restore your health.
You are immune to rotting.
Your bites deal extra damage.


Message History

No target in view!
Things that are here:
a cursed -3 falchion; a kobold corpse Magic restored.
You open the door.
There is an open door here.
A rat comes into view.
You see here a plate armour.
A goblin comes into view.
It is wielding a +1 dagger of electrocution.
The goblin shouts!
You hit the rat.
You kill the rat!
A kobold comes into view. It is wielding a +0 dagger.
The goblin hits you but does no damage.
You are electrocuted!
Ouch! That really hurt!
You are too injured to fight recklessly!
The kobold shouts!
The goblin hits you but does no damage.
You are electrocuted!!
Ouch! That really hurt!
You die...

.............#.
...........
##..........##.#+#.#......
###.........##..........#
............##..........#
.###........##......K...#
.# #........##.......####
.# #........##.......# .#
#........##[..g.#.#
.#############..@..#.#
.............[...###..
##..################..#
..................##..#
.......##.........# ..#
.......##.........#
##............##...
##............##..
...................


You could see a goblin and a kobold.

Vanquished Creatures
  A ball python (D:1)
  3 giant cockroaches (D:1)
  A hobgoblin (D:1)
  3 kobolds (D:1)
  4 bats (D:1)
  A frilled lizard (D:1)
  3 rats (D:1)
16 creatures vanquished.

Notes
Turn   | Place    | Note
-------+----------+-------------------------------------------
     0 | D:1      | petercordia the Vine Stalker Spelunker began the quest for
                  | the Orb.
     0 | D:1      | Reached XP level 1. HP: 12/12 MP: 4/4
   210 | D:1      | Reached XP level 2. HP: 17/17 MP: 6/6
   437 | D:1      | Mangled by a goblin

Skill      XL: |  1  2 |
---------------+-------+-----
Short Blades   | 2 |  2.1
Fighting       | 2 |  2.0
Armour         | |  0.2
Stealth        | |  4.6
Spellcasting   | |  2.3
Hexes          | |  2.0
Transmutations | |  2.0
Earth Magic    | |  2.0
Evocations     | |  1.7

Action                   || total
-------------------------++-------
Melee: Dagger            ||    33
       Bite              ||     1
 Cast: Passwall          ||     1
 Stab: Sleeping          ||     7
Armor: Leather armour    ||    23
Dodge: Dodged            ||    19
